PAA
DURHAM RAPIERS @ NORTHVILLE ECLIPSE
08/17/2031
 
TOP OF THE 1ST
Durham Rapiers batting - Pitching for Northville Eclipse : RHP Freddie Mayes
Pitching: RHP Freddie Mayes
Batting: LHB Alberto Garza 0-0: Foul Ball, location: 2F
0-1: Ball
1-1: Ball
2-1: Fly out, F8 (Flyball, 8RD)
Batting: RHB Tomás Costello 0-0: Foul Ball, location: 2F
0-1: Foul Ball, location: 2F
0-2: Ball
1-2: Fly out, F4 (Popup, 4)
Batting: LHB Glen Allen Mixon 0-0: Ball
1-0: Ball
2-0: Ball
3-0: Base on Balls
Batting: RHB Armando Chamú 0-0: Ball
1-0: SINGLE (Groundball, 56D)
Glen Allen Mixon to second
Batting: RHB Guillermo Mata 0-0: Called Strike
0-1: Foul Ball, location: 2F
0-2: Ball
1-2: Strikes out swinging
Top of the 1st over - 0 runs, 1 hit, 0 errors, 2 left on base; Durham 0 - Northville 0
BOTTOM OF THE 1ST
Northville Eclipse batting - Pitching for Durham Rapiers : RHP Manny Sandoval
Pitching: RHP Manny Sandoval
Batting: RHB Alfonso Grappasonni 0-0: Foul Ball, location: 2F
0-1: Ground out 6-3 (Groundball, 6MS)
Batting: LHB Lonnie Murray 0-0: Ground out 4-3 (Groundball, 4)
Batting: SHB Quentin Harrop 0-0: Ball
1-0: Ball
2-0: Ball
3-0: Base on Balls
Batting: RHB Syed Sarkar 0-0: Called Strike
Quentin Harrop steals 2nd base
0-1: Foul Ball, location: 2F
0-2: Ball
1-2: Ball
2-2: Foul Ball, location: 2F
2-2: Foul Ball, location: 2F
2-2: Ball
3-2: Fly out, F7 (Line Drive, 7S)
Bottom of the 1st over - 0 runs, 0 hits, 0 errors, 1 left on base; Durham 0 - Northville 0
TOP OF THE 2ND
Durham Rapiers batting - Pitching for Northville Eclipse : RHP Freddie Mayes
Batting: RHB Raúl Moreno 0-0: Called Strike
0-1: Ball
1-1: Ball
2-1: Ball
3-1: Foul Ball, location: 2F
3-2: Foul Ball, location: 2F
3-2: Foul Ball, location: 2F
3-2: Base on Balls
Batting: RHB Colby King 0-0: Ball
1-0: Ball
2-0: Grounds into double play, 6-4-3 (Groundball, 6)
Batting: SHB Cash Masters 0-0: Foul Ball, location: 2F
0-1: Ground out U3 (Groundball, 3L)
Top of the 2nd over - 0 runs, 0 hits, 0 errors, 0 left on base; Durham 0 - Northville 0
BOTTOM OF THE 2ND
Northville Eclipse batting - Pitching for Durham Rapiers : RHP Manny Sandoval
Batting: LHB Kade Eagleton 0-0: SINGLE (Line Drive, 34)
Batting: RHB Chang-lit Min 0-0: Called Strike
0-1: Called Strike
0-2: Strikes out looking
Batting: RHB Wallace Bane 0-0: Ball
1-0: Swinging Strike
1-1: Called Strike
1-2: Foul Ball, location: 2F
1-2: Ball
2-2: Foul Ball, location: 2F
2-2: SINGLE (Line Drive, 56)
Kade Eagleton to second
Batting: LHB Arturo Gonzáles 0-0: Ball
1-0: Foul Ball, location: 2F
1-1: Foul Ball, location: 2F
1-2: Ball
2-2: Ball
3-2: Fly out, F7 (Flyball, 7S)
Batting: RHB Sidney Mackell 0-0: Called Strike
0-1: SINGLE (Line Drive, 6M)
Kade Eagleton to third
Wallace Bane to second
Runner from 3rd tries for Home, SAFE, no throw
Batting: RHB Alfonso Grappasonni 0-0: Ground out 6-3 (Groundball, 6S)
Bottom of the 2nd over - 1 run, 3 hits, 0 errors, 2 left on base; Durham 0 - Northville 1
TOP OF THE 3RD
Durham Rapiers batting - Pitching for Northville Eclipse : RHP Freddie Mayes
Batting: RHB Mason Congdon 0-0: Ball
1-0: Ball
2-0: Ball
3-0: Base on Balls
Batting: LHB Alberto Garza 0-0: Ball
1-0: Ball
2-0: Swinging Strike
2-1: Foul Ball, location: 2F
2-2: SINGLE (Groundball, 56) (infield hit)
Mason Congdon to second
Batting: RHB Tomás Costello 0-0: Called Strike
0-1: Grounds into double play, 6-4-3 (Groundball, 6)
Mason Congdon to third
Batting: LHB Glen Allen Mixon 0-0: Called Strike
0-1: Foul Ball, location: 2F
0-2: Ground out 3-1 (Groundball, 34)
Top of the 3rd over - 0 runs, 1 hit, 0 errors, 1 left on base; Durham 0 - Northville 1
BOTTOM OF THE 3RD
Northville Eclipse batting - Pitching for Durham Rapiers : RHP Manny Sandoval
Batting: LHB Lonnie Murray 0-0: Ball
1-0: Swinging Strike
1-1: Called Strike
1-2: Ball
2-2: Strikes out swinging
Batting: SHB Quentin Harrop 0-0: Foul Ball, location: 2F
0-1: Ball
1-1: Ball
2-1: Ball
3-1: Called Strike
3-2: Foul Ball, location: 2F
3-2: Foul Ball, location: 2F
3-2: Fly out, F9 (Flyball, 9S)
Batting: RHB Syed Sarkar 0-0: Called Strike
0-1: Foul Ball, location: 2F
0-2: Ball
1-2: Ground out 6-3 (Groundball, 6)
Bottom of the 3rd over - 0 runs, 0 hits, 0 errors, 0 left on base; Durham 0 - Northville 1
TOP OF THE 4TH
Durham Rapiers batting - Pitching for Northville Eclipse : RHP Freddie Mayes
Batting: RHB Armando Chamú 0-0: Called Strike
0-1: Ball
1-1: Ground out 5-3 (Groundball, 56S)
Batting: RHB Guillermo Mata 0-0: Called Strike
0-1: Swinging Strike
0-2: Fly out, F3 (Line Drive, 3)
Batting: RHB Raúl Moreno 0-0: Ball
1-0: Foul Ball, location: 2F
1-1: Foul Ball, location: 2F
1-2: Ball
2-2: Strikes out looking
Top of the 4th over - 0 runs, 0 hits, 0 errors, 0 left on base; Durham 0 - Northville 1
BOTTOM OF THE 4TH
Northville Eclipse batting - Pitching for Durham Rapiers : RHP Manny Sandoval
Batting: LHB Kade Eagleton 0-0: Called Strike
0-1: Ball
1-1: Ball
2-1: Swinging Strike
2-2: Strikes out swinging
Batting: RHB Chang-lit Min 0-0: Called Strike
0-1: Ball
1-1: Foul Ball, location: 2F
1-2: Fly out, F9 (Flyball, 9S)
Batting: RHB Wallace Bane 0-0: Called Strike
0-1: Ground out 6-3 (Groundball, 56)
Bottom of the 4th over - 0 runs, 0 hits, 0 errors, 0 left on base; Durham 0 - Northville 1
TOP OF THE 5TH
Durham Rapiers batting - Pitching for Northville Eclipse : RHP Freddie Mayes
Batting: RHB Colby King 0-0: Called Strike
0-1: Ball
1-1: Foul Ball, location: 2F
1-2: Ground out 5-3 (Groundball, 56S)
Batting: SHB Cash Masters 0-0: Ball
1-0: Ball
2-0: Ball
3-0: Called Strike
3-1: Ground out 6-3 (Groundball, 6)
Batting: RHB Mason Congdon 0-0: Ball
1-0: Foul Ball, location: 2F
1-1: Ball
2-1: Ball
3-1: Foul Ball, location: 2F
3-2: Strikes out swinging
Top of the 5th over - 0 runs, 0 hits, 0 errors, 0 left on base; Durham 0 - Northville 1
BOTTOM OF THE 5TH
Northville Eclipse batting - Pitching for Durham Rapiers : RHP Manny Sandoval
Batting: LHB Arturo Gonzáles 0-0: Ball
1-0: DOUBLE (Groundball, 5L)
Batting: RHB Sidney Mackell 0-0: Ball
1-0: Ball
2-0: Ball
3-0: Called Strike
3-1: Called Strike
3-2: Ground out 6-3 (Groundball, 6)
Batting: RHB Alfonso Grappasonni 0-0: Ball
1-0: Foul Ball, location: 2F
1-1: Ball
2-1: Foul Ball, location: 2F
2-2: Ball
3-2: Foul Ball, location: 2F
3-2: Foul Ball, location: 2F
3-2: Strikes out swinging
Batting: LHB Lonnie Murray 0-0: Called Strike
0-1: Swinging Strike
0-2: Ball
1-2: Ball
2-2: Foul Ball, location: 2F
2-2: Strikes out looking
Bottom of the 5th over - 0 runs, 1 hit, 0 errors, 1 left on base; Durham 0 - Northville 1
TOP OF THE 6TH
Durham Rapiers batting - Pitching for Northville Eclipse : RHP Freddie Mayes
Batting: LHB Alberto Garza 0-0: Ground out 5-3 (Groundball, 56S)
Batting: RHB Tomás Costello 0-0: Foul Ball, location: 2F
0-1: Called Strike
0-2: Ball
1-2: Hit by Pitch
Batting: LHB Glen Allen Mixon 0-0: Ball
1-0: Called Strike
1-1: Grounds out, U3 (Groundball, 3L)
Batting: RHB Armando Chamú 0-0: Ball
1-0: Ball
2-0: Ball
3-0: Base on Balls
Batting: RHB Guillermo Mata 0-0: Fly out, F8 (Flyball, 8LD)
Top of the 6th over - 0 runs, 0 hits, 0 errors, 2 left on base; Durham 0 - Northville 1
BOTTOM OF THE 6TH
Northville Eclipse batting - Pitching for Durham Rapiers : RHP Manny Sandoval
Batting: SHB Quentin Harrop 0-0: Ball
1-0: Called Strike
1-1: Foul Ball, location: 2F
1-2: Ball
2-2: Foul Ball, location: 2F
2-2: Ball
3-2: Fly out, F9 (Flyball, 9)
Batting: RHB Syed Sarkar 0-0: Ball
1-0: Fly out, F5 (Line Drive, 5S)
Batting: LHB Kade Eagleton 0-0: Foul Ball, location: 2F
0-1: Called Strike
0-2: Strikes out swinging
Bottom of the 6th over - 0 runs, 0 hits, 0 errors, 0 left on base; Durham 0 - Northville 1
TOP OF THE 7TH
Durham Rapiers batting - Pitching for Northville Eclipse : RHP Freddie Mayes
Batting: RHB Raúl Moreno 0-0: Called Strike
0-1: Ball
1-1: Swinging Strike
1-2: Fly out, F8 (Flyball, 8LD)
Batting: RHB Colby King 0-0: Fly out, F8 (Line Drive, 8LM)
Batting: SHB Cash Masters 0-0: Ball
1-0: Ball
2-0: Swinging Strike
2-1: Fly out, F7 (Flyball, 78M)
Top of the 7th over - 0 runs, 0 hits, 0 errors, 0 left on base; Durham 0 - Northville 1
BOTTOM OF THE 7TH
Northville Eclipse batting - Pitching for Durham Rapiers : RHP Manny Sandoval
Batting: RHB Chang-lit Min 0-0: Ball
1-0: Ball
2-0: Ball
3-0: Base on Balls
Batting: RHB Wallace Bane 0-0: Bunted foul
0-1: Sac Bunt - play at first, batter OUT! 1-4
Chang-lit Min to second
Batting: LHB Arturo Gonzáles 0-0: Intentional Walk
Pinch Hitting: LHB Marvello Obra 0-0: Fly out, F8 (Flyball, 8LXD)
Runner from 2nd tags up, SAFE at 3rd, no throw
Batting: RHB Alfonso Grappasonni 0-0: Ball
1-0: Fly out, F8 (Flyball, 8RD)
Bottom of the 7th over - 0 runs, 0 hits, 0 errors, 2 left on base; Durham 0 - Northville 1
TOP OF THE 8TH
Durham Rapiers batting - Pitching for Northville Eclipse : RHP Freddie Mayes
Now in CF: Darrell Woodmansee
Batting: RHB Mason Congdon 0-0: Ground out 5-3 (Groundball, 56S)
Batting: LHB Alberto Garza 0-0: Ball
1-0: Called Strike
1-1: Foul Ball, location: 2F
1-2: Ball
2-2: Foul Ball, location: 2F
2-2: Ball
3-2: Ground out U3 (Groundball, 3)
Batting: RHB Tomás Costello 0-0: Foul Ball, location: 2F
0-1: Fly out, F6 (Popup, 15)
Top of the 8th over - 0 runs, 0 hits, 0 errors, 0 left on base; Durham 0 - Northville 1
BOTTOM OF THE 8TH
Northville Eclipse batting - Pitching for Durham Rapiers : RHP Manny Sandoval
Batting: LHB Lonnie Murray 0-0: Called Strike
0-1: Foul Ball, location: 2F
0-2: Ball
1-2: Ground out 6-3 (Groundball, 6M)
Batting: SHB Quentin Harrop 0-0: Swinging Strike
0-1: Ball
1-1: SINGLE (Groundball, 4MD)
Batting: RHB Syed Sarkar 0-0: Ball
1-0: Ball
2-0: Ball
Quentin Harrop steals 2nd base
3-0: Intentional Walk
Batting: LHB Kade Eagleton 0-0: Called Strike
0-1: Ball
1-1: Called Strike
Quentin Harrop steals 3rd base
Syed Sarkar to second
1-2: Ball
2-2: DOUBLE (Flyball, 89D)
Quentin Harrop scores
Syed Sarkar scores
Batting: RHB Chang-lit Min 0-0: Intentional Walk
Pitching: RHP Francisco Rivera
Batting: RHB Wallace Bane 0-0: Ball
1-0: Ball
2-0: Called Strike
2-1: Fly out, F4 (Line Drive, 34)
Batting: LHB Arturo Gonzáles 0-0: Ball
1-0: Foul Ball, location: 2F
1-1: Swinging Strike
1-2: Foul Ball, location: 2F
1-2: Foul Ball, location: 2F
1-2: Ball
2-2: Foul Ball, location: 2F
2-2: Foul Ball, location: 2F
2-2: TRIPLE (Flyball, 89XD)
Kade Eagleton scores
Chang-lit Min scores
Batting: LHB Darrell Woodmansee 0-0: Swinging Strike
0-1: Ground out 1-3 (Groundball, 15S)
Bottom of the 8th over - 4 runs, 3 hits, 0 errors, 1 left on base; Durham 0 - Northville 5
TOP OF THE 9TH
Durham Rapiers batting - Pitching for Northville Eclipse : RHP Freddie Mayes
Batting: LHB Glen Allen Mixon 0-0: Called Strike
0-1: Swinging Strike
0-2: Ball
1-2: Strikes out looking
Batting: RHB Armando Chamú 0-0: Ball
1-0: Called Strike
1-1: Foul Ball, location: 2F
1-2: Ball
2-2: Foul Ball, location: 2F
2-2: Fly out, F7 (Flyball, 7LS)
Batting: RHB Guillermo Mata 0-0: Foul Ball, location: 2F
0-1: Called Strike
0-2: Ball
1-2: Ball
2-2: Ball
3-2: Foul Ball, location: 2F
3-2: Ground out 6-3 (Groundball, 6)
Top of the 9th over - 0 runs, 0 hits, 0 errors, 0 left on base; Durham 0 - Northville 5
Tuesday, June 12th, 2018 - OOTP Baseball 18.8 Build 76